 Dungeon Crawl Stone Soup version 0.27-a0-1147-gb3d8e82157 (webtiles) character file.

Game seed: 12596982502355210068

1639 McIrco the Blocker (level 8, -3/73 HPs)
             Began as a Minotaur Fighter on May 12, 2021.
             Was a Follower of Qazlal.
             Slain by an orc warrior
             ... wielding a +0 battleaxe
              (4 damage)
             ... on level 6 of the Dungeon.
             The game lasted 00:10:01 (5896 turns).

McIrco the Blocker (Minotaur Fighter)               Turns: 5896, Time: 00:10:02

Health: -3/73      AC: 10    Str: 22    XL:     8   Next: 66%
Magic:  7/7        EV: 10    Int:  5    God:    Qazlal [*.....]
Gold:   238        SH: 13    Dex: 11    Spells: 7/7 levels left

rFire    . . .     SeeInvis .   a - +1 war axe (flame)
rCold    . . .     Faith    .   c - +0 kite shield
rNeg     . . .     Spirit   .   b - +0 scale mail
rPois    .         Reflect  .   (helmet restricted)
rElec    .         Harm     .   o - +0 cloak
rCorr    .         Rampage  .   (no gloves)
Will     .....                  p - +0 pair of boots
Stlth    ..........             (no amulet)
HPRegen  0.22/turn              w - ring of flight
MPRegen  0.10/turn              (no ring)

@: flying
A: horns 2, retaliatory headbutt
a: Renounce Religion


You were on level 6 of the Dungeon.
You worshipped Qazlal.
Qazlal was aware of your devotion.
You visited 2 branches of the dungeon, and saw 7 of its levels.
You also visited: Sewer.

You collected 238 gold pieces.

Inventory:

Hand Weapons
 a - a +1 war axe of flaming (weapon)
Armour
 b - a +0 scale mail (worn)
 c - a +0 kite shield (worn)
 o - a +0 cloak (worn)
 p - a +0 pair of boots (worn)
 r - a scarf of shadows
 t - a +0 plate armour
Jewellery
 w - a ring of flight (left hand)
Wands
 m - a wand of paralysis (7)
 s - a wand of mindburst (10)
 v - a wand of acid (12)
Scrolls
 f - 4 scrolls of identify
 g - 2 scrolls of blinking {unknown}
 j - a scroll of vulnerability
 n - a scroll of teleportation {unknown}
 x - 2 scrolls of enchant armour {unknown}
Potions
 d - a potion of might
 e - a potion of attraction
 h - a potion of ambrosia {unknown}
 i - 2 potions of degeneration {unknown}
 k - 2 potions of magic {unknown}
 l - 3 potions of curing
 q - a potion of haste {unknown}
 u - a potion of mutation {unknown}


   Skills:
 + Level 7.1 Fighting
 - Level 2.4 Axes
 + Level 7.9 Armour
 + Level 4.5 Dodging
 + Level 8.6 Shields


You had 7 spell levels left.
You didn't know any spells.
Your spell library contained the following spells:

 Spells                   Type           Power      Damage    Failure   Level
 Sandblast                Erth           0%         2d4       96%         1
 Passwall                 Tmut/Erth      0%         N/A       99%         2
 Confusing Touch          Hex            0%         N/A       100%        3
 Gell's Gravitas          Tloc           0%         N/A       100%        3
 Stone Arrow              Conj/Erth      0%         3d7       100%        3
 Cause Fear               Hex            0%         N/A       100%        4
 Petrify                  Tmut/Erth      0%         N/A       100%        4
 Lee's Rapid Deconstruct  Erth           0%         3d5*      100%        5
 Metabolic Englaciation   Hex/Ice        0%         N/A       100%        5
 Silence                  Hex/Air        0%         N/A       100%        5
 Yara's Violent Unravell  Hex/Tmut       0%         3d3       100%        5
 Discord                  Hex            0%         N/A       100%        8


Dungeon Overview and Level Annotations

Branches:
Dungeon (6/15)             Temple (1/1) D:4           Sewer (visited)

Altars:
Ashenzari
Cheibriados
Dithmenos
Hepliaklqana
Kikubaaqudgha
Qazlal
Ru
Sif Muna
Uskayaw
Vehumet
Wu Jian
Xom
Yredelemnul


Innate Abilities, Weirdness & Mutations

You have a pair of horns on your head.
You reflexively headbutt those who attack you in melee.


Message History

You headbutt the orc warrior.
The orc warrior is moderately wounded.
The orc warrior hits you with a +0 battleaxe!
* * * LOW HITPOINT WARNING * * *
You hit the orc warrior but do no damage.
The orc warrior is moderately wounded.
You block the orc warrior's attack. x2
Unknown command.
You hit the orc warrior but do no damage.
The orc warrior is moderately wounded.
The orc warrior closely misses you.
You hit the orc warrior. You burn the orc warrior.
You headbutt the orc warrior!
The orc warrior is severely wounded.
The orc warrior misses you.
The orc warrior hits you with a +0 battleaxe!
* * * LOW HITPOINT WARNING * * *
Unknown command.
You hit the orc warrior but do no damage.
Your headbutt misses the orc warrior.
The orc warrior is severely wounded.
You block the orc warrior's attack.
It was a potion of curing.
You feel better.
The orc warrior hits you but does no damage.
Unknown command.
You feel better. The orc warrior barely misses you. You furiously retaliate!
You headbutt the orc warrior.
Unknown command.
You hit the orc warrior but do no damage.
You headbutt the orc warrior.
The orc warrior is almost dead.
The orc warrior hits you with a +0 battleaxe.
* * * LOW HITPOINT WARNING * * *
You block the orc warrior's attack.
You barely miss the orc warrior.
The orc warrior is almost dead.
The orc warrior hits you with a +0 battleaxe!!
* * * LOW HITPOINT WARNING * * *
The orc warrior hits you with a +0 battleaxe.
You die...

. .. ... +####
#########+#.... ....#
#...........# ....#
#.......)...# ....#
##.....○@o...# ....#
#........☼...#
...†#####.####^####..#
'##.......# ..... ##
..#.......#.......#
..#.....#.#.......#
..#.....#.^..._...^.
..#.....#.#.......#.#
..#.....#.#.......#.#


You could see an orc warrior.

Vanquished Creatures
  Menkaure (D:5)
  An ice beast (D:4)
  A black bear (D:4)
  2 necrophages (D:5)
  2 ogres
  A centaur (D:6)
  A bullfrog (Sewer)
  A scorpion (D:5)
  A bullfrog zombie (D:5)
  A hound (D:4)
  2 orc priests
  Crazy Yiuf (D:4)
  A centaur skeleton (D:4)
  An iguana (D:3)
  Ijyb (D:4)
  Terence (D:2)
  3 orc wizards
  A scorpion zombie (D:5)
  Robin (D:2)
  A howler monkey zombie (D:5)
  A howler monkey skeleton (D:6)
  19 adders
  7 gnolls
  An adder skeleton (D:3)
  A worm (D:4)
  A dart slug (D:1)
  9 orcs
  15 ball pythons
  15 endoplasms
  20 giant cockroaches
  10 goblins
  10 hobgoblins
  5 jackals
  16 quokkas
  6 bats
  11 frilled lizards
  5 kobolds
  9 rats
186 creatures vanquished.

Notes
Turn   | Place    | Note
-------+----------+-------------------------------------------
     0 | D:1      | McIrco the Minotaur Fighter began the quest for the Orb.
     0 | D:1      | Reached XP level 1. HP: 19/19 MP: 0/0
   202 | D:1      | Reached XP level 2. HP: 26/27 MP: 1/1
   206 | D:1      | Reached skill level 4 in Shields
   315 | D:1      | Found a faded altar of an unknown god.
   673 | D:1      | Reached XP level 3. HP: 33/33 MP: 2/2
  1099 | D:2      | Reached skill level 1 in Dodging
  1148 | D:2      | Reached XP level 4. HP: 38/41 MP: 3/3
  1278 | D:2      | Noticed Terence
  1283 | D:2      | Killed Terence
  1284 | D:2      | Reached skill level 5 in Shields
  1540 | D:2      | Noticed Robin
  1874 | D:2      | Killed Robin
  2062 | D:3      | Reached XP level 5. HP: 45/47 MP: 4/4
  2091 | D:3      | Found a sacrificial altar of Ru.
  2126 | D:3      | Reached skill level 5 in Armour
  2143 | D:3      | Found a glowing drain.
  2158 | D:3      | Reached skill level 5 in Fighting
  2235 | Sewer    | Entered a sewer
  2458 | Sewer    | Reached XP level 6. HP: 47/56 MP: 5/5
  2663 | Sewer    | Reached skill level 6 in Shields
  3182 | D:3      | Reached XP level 7. HP: 56/61 MP: 6/6
  3288 | D:4      | Reached skill level 7 in Shields
  3307 | D:4      | Found a staircase to the Ecumenical Temple.
  3491 | Temple   | Entered the Ecumenical Temple
  3842 | Temple   | Became a worshipper of Qazlal Stormbringer
  4174 | D:4      | Noticed Ijyb
  4181 | D:4      | Killed Ijyb
  4606 | D:4      | Found a radiant altar of Vehumet.
  4681 | D:4      | Found a runed translucent door.
  4682 | D:4      | Noticed Crazy Yiuf
  4799 | D:4      | Killed Crazy Yiuf
  4859 | D:5      | Entered Level 5 of the Dungeon
  4868 | D:5      | Reached XP level 8. HP: 70/70 MP: 7/7
  5069 | D:5      | Reached skill level 8 in Shields
  5585 | D:5      | Found a broken altar of Ashenzari.
  5677 | D:5      | Noticed Menkaure
  5682 | D:5      | Killed Menkaure
  5781 | D:6      | Reached * piety under Qazlal
  5868 | D:6      | Found a hazy altar of Hepliaklqana.
  5891 | D:6      | HP: 3/73 [orc warrior/+0 battleaxe (17)]
  5896 | D:6      | HP: 1/73 [orc warrior/+0 battleaxe (18)]
  5896 | D:6      | Slain by an orc warrior

Illustrated notes

Levels and vault maps discovered:
D:1:      tarquinn_simple_flora_water_f, layout_loops_cross,
          shapermc_ecumenical_altar_hornbeckon
D:2:      layout_basic, uniq_terence, uniq_robin
D:3:      layout_rooms, nicolae_ru_great_annihilating_truth,
          gup_sewer_entry_glass
D:4:      layout_loops_cross, kennysheep_mini, minmay_temple_entry_tees,
          uniq_ijyb, uniq_crazy_yiuf_cottage
D:5:      layout_loops_cross, marbit_many_paths, feat_on_display, uniq_menkaure
D:6:      layout_gridville, grunt_temple_overflow_order_and_chaos_2,
          lemuel_tele_altar
Temple:   nicolae_temple_figure_zero

Skill      XL: |  1  2  3  4  5  6  7  8 |
---------------+-------------------------+-----
Fighting       | 4 5 6 7 |  7.1
Shields        | 4 5 6 7 8 |  8.6
Armour         | 4 5 6 7 |  7.9
Dodging        | 1 2 3 4 |  4.5
Axes           | |  2.4

Action                   |  1- 3 |  4- 6 |  7- 9 || total
-------------------------+-------+-------+-------++-------
Melee: War axe           |    82 |   213 |   141 ||   436
       Headbutt          |     8 |    33 |    36 ||    77
  Use: Scroll            |       |     6 |       ||     6
       Potion            |       |       |     2 ||     2
 Stab: Paralysed         |       |     1 |       ||     1
Armor: Scale mail        |    43 |   130 |    59 ||   232
Dodge: Dodged            |    27 |    92 |    62 ||   181
Block: Kite shield       |    55 |   159 |    93 ||   307

Table legend: (Time is in decaauts)
 A = Elapsed time spent in this place.
 B = Non-inter-level travel time spent in this place.
 C = Inter-level travel time spent in this place.
 D = Time resting spent in this place.
 E = Time spent auto-exploring this place.
 F = Levels seen in this place.
 G = Mean time per level.
                   A        B        C        D        E       F      G
               +--------+--------+--------+--------+--------+-----+--------+
         Total |   6210 |   5976 |    234 |    580 |   4150 |   8 |  776.2 |
       Dungeon |   5360 |   5150 |    210 |    580 |   3642 |   6 |  893.3 |
        Temple |    170 |    146 |     24 |      0 |    113 |   1 |  170.0 |
         Sewer |    680 |    680 |      0 |      0 |    395 |   1 |  680.0 |
               +--------+--------+--------+--------+--------+-----+--------+

Top non-repeatable levels by time:
     D:4: 1492 daAuts
     D:1: 1219 daAuts
     D:5: 944 daAuts
     D:2: 904 daAuts
   Sewer: 680 daAuts
     D:3: 666 daAuts
  Temple: 170 daAuts
     D:6: 132 daAuts
